 Dungeon Sprint DCSS version 0.28.0-47-ge53b351184 (webtiles) character file.

Game seed: 16579026555915940017

6738 Groucho the Ninja (level 10, -1/57 HPs)
             Began as a Felid Berserker on Apr 29, 2022.
             Was a High Priest of Trog.
             Slain by the 27-headed Lernaean hydra (7 damage)
             ... in the Dungeon (Sprint I: "Red Sonja").
             The game lasted 00:24:18 (5444 turns).

Groucho the Ninja (Felid Berserker)                 Turns: 5444, Time: 00:24:18

Health: -1/57      AC:  5    Str: 17    XL:     10   Next: 75%
Magic:  0/25       EV: 37    Int:  7    God:    Trog [*****.]
Gold:   975        SH:  0    Dex: 24    Spells: 30/30 levels left
                                        Lives:  0   Deaths: 2

rFire   + + .      SeeInvis +     - Unarmed
rCold   + . .      Faith    .   (shield unavailable)
rNeg    . . .      Spirit   +   (armour unavailable)
rPois   .          Reflect  .   (helmet unavailable)
rElec   .          Harm     .   (cloak unavailable)
rCorr   .          Rampage  .   (gloves unavailable)
Will    ++...      NoTele   +   (boots unavailable)
Stlth   +++++++++.              f - amulet of guardian spirit
HPRegen 0.19/turn               p - ring of the Jester {rF++ Will+ Str+6 Dex+4 Stlth-}
MPRegen 0.19/turn               t - +4 ring of slaying

@: quick
A: very small, claws 1, fangs 3, see invisible, speed 1, shaggy fur 3, stealthy
paws, no weapons or thrown items, no armour, multi-lived, iridescent scales 1,
dopey 1, weak 1, no potion heal 1
a: Renounce Religion, Berserk, Trog's Hand, Brothers in Arms


You were in the Dungeon.
You worshipped Trog.
Trog was extremely pleased with you.
You visited 1 branch You collected 3335 gold pieces.
You spent 2360 gold pieces at shops.

Inventory:

Jewellery
 f - an amulet of guardian spirit (around neck)
 h - a ring of protection from fire
 m - a +4 ring of protection
 p - the ring of the Jester (left paw) {rF++ Will+ Str+6 Dex+4 Stlth-}
   (You acquired it in the Dungeon)

   [ring of strength]

   Str:       It affects your strength (+6).
   Dex:       It affects your dexterity (+4).
   rF:        It greatly protects you from fire.
   Will:      It increases your willpower.
   Stlth:     It makes you less stealthy.
 q - a ring of positive energy
 t - a +4 ring of slaying (right paw)
Wands
 g - a wand of mindburst (8)
Scrolls
 a - 7 scrolls of identify
 j - a scroll of fear {unknown}
 l - 2 scrolls of enchant armour {unknown}
Potions
 b - a potion of experience {unknown}
 d - 2 potions of magic
 e - a potion of berserk rage
 i - a potion of lignification {unknown}
 k - 2 potions of curing
 r - a potion of heal wounds
 s - a potion of resistance


   Skills:
 + Level 14.4 Fighting
 + Level 18.6 Dodging
 O Level 27 Stealth
 + Level 15.5 Unarmed Combat
 + Level 10.6 Spellcasting


You had 30 spell levels left.
You didn't know any spells.
Your spell library was empty.

Dungeon Overview and Level Annotations

Branches:
Dungeon (1/1)

Altars:
Cheibriados
Dithmenos
Elyvilon
Fedhas
Gozag
Hepliaklqana
Kikubaaqudgha
Makhleb
Nemelex Xobeh
Okawaru
Qazlal
Ru
Sif Muna
Trog
Uskayaw
Vehumet
Wu Jian
Xom
Yredelemnul
Zin
The Shining One
Jiyva
Lugonu

Shops:
D (?[:(*(:(**=[*:[?*([(*

Annotations:
D Lernaean hydra, Lom Lobon


Innate Abilities, Weirdness & Mutations

You have sharp claws.
You have razor-sharp teeth.
You have supernaturally acute eyesight. (SInv)
You cover ground quickly. (Speed+)
Your thick and shaggy fur keeps you warm. (AC +3, rC+)
Your paws help you pounce on unaware monsters.
You are incapable of wielding weapons or throwing items.
You cannot wear armour.
You gain extra lives every three experience levels.
You are partially covered in iridescent scales. (AC +2)
You are dopey. (Int -2)
You are weak. (Str -2)
Potions are less effective at restoring your health.


Message History

The 27-headed Lernaean hydra bites you but does no damage.
The 27-headed Lernaean hydra bites you!
The 27-headed Lernaean hydra completely misses you.
The 27-headed Lernaean hydra misses you.
The 27-headed Lernaean hydra completely misses you. x2
The 27-headed Lernaean hydra misses you.
The 27-headed Lernaean hydra completely misses you.
The 27-headed Lernaean hydra bites you but does no damage.
The 27-headed Lernaean hydra misses you.
The 27-headed Lernaean hydra closely misses you.
The 27-headed Lernaean hydra bites you!
The 27-headed Lernaean hydra completely misses you.
The 27-headed Lernaean hydra bites you. The 27-headed Lernaean hydra bites you!
The 27-headed Lernaean hydra misses you.
The 27-headed Lernaean hydra completely misses you.
The 27-headed Lernaean hydra bites you!
The 27-headed Lernaean hydra completely misses you. x3
The 27-headed Lernaean hydra bites you but does no damage.
The 27-headed Lernaean hydra misses you.
Unknown command.
Unknown command.
Unknown command.
Unknown command.
Unknown command.
The 27-headed Lernaean hydra bites you but does no damage.
The 27-headed Lernaean hydra bites you.
The 27-headed Lernaean hydra misses you.
The 27-headed Lernaean hydra completely misses you. x2
The 27-headed Lernaean hydra barely misses you.
The 27-headed Lernaean hydra completely misses you. x2
The 27-headed Lernaean hydra bites you but does no damage.
The 27-headed Lernaean hydra completely misses you.
The 27-headed Lernaean hydra bites you.
* * * LOW HITPOINT WARNING * * *
The 27-headed Lernaean hydra misses you.
The 27-headed Lernaean hydra completely misses you.
The 27-headed Lernaean hydra bites you!
* * * LOW HITPOINT WARNING * * *
The 27-headed Lernaean hydra bites you!
You die...

.# ###§#:)$##.)#§.§§§#...# ##
#.##$$$#..##.§.§#[∩.#
#..###.#..≈###'##...#
##.#A#.#..≈.}#.####§#
#..###.#).≈.##'#§§..##
#.##...#..≈##§§.§§...##
#..#+###..≈#...§§.§§§.#
##...#.≈..##.§§§.§.§§.##
###.#.≈.@#...§..§.§§..#
#.###D.#.§.§.§......#
#.#.'..##§..§......##
####'#^##†##§§§.......# ##
###.)).#.#≈≈≈##§.......##
(#####...####.#≈≈≈≈##...([(##
...)...###°°..#≈≈†≈≈########
...#####°°°^####≈≈≈≈#≈≈≈≈≈#.
..## ...°°.° #'≈≈≈'≈≈.≈≈○.


You could see the 27-headed Lernaean hydra.

Vanquished Creatures
  A golden dragon (D)
  A fire giant (D)
  A mummy priest (D)
  A hydra (D)
  2 centaur warriors (D)
  Sonja (D)
  A deep troll (D)
  A lindwurm (D)
  2 oklob plants (D)
  3 shining eyes (D)
  7 unseen horrors (D)
  2 kobold demonologists (D)
  4 demonic crawlers (D)
  A hellwing (D)
  A slime creature (D)
  A hornet (D)
  Sigmund (D)
  13 hogs (D)
  A yak (D)
  2 redbacks (D)
  6 floating eyes (D)
  An ogre (D)
  7 necrophages (D)
  8 jellies (D)
  Ijyb (D)
70 creatures vanquished.

Vanquished Creatures (collateral kills)
  3 fire giants (D)
  A shadow dragon (D)
  A deep elf annihilator (D)
  5 shining eyes (D)
  2 merfolk sirens (D)
  4 hornets (D)
  A floating eye (D)
  A ballistomycete spore (D)
18 creatures vanquished.

Vanquished Creatures (others)
  A gargoyle (D)
  A ballistomycete spore (D)
2 creatures vanquished.

Grand Total: 90 creatures vanquished

Notes
Turn   | Place    | Note
-------+----------+-------------------------------------------
     0 | D        | Groucho the Felid Berserker began the quest for the Orb.
     0 | D        | Reached XP level 1. HP: 10/10 MP: 2/2
     2 | D        | Noticed Ijyb
    15 | D        | Killed Ijyb
    16 | D        | Reached skill level 8 in Stealth
    16 | D        | Reached XP level 2. HP: 2/14 MP: 3/3
   519 | D        | Noticed an ogre
   524 | D        | Killed an ogre
   525 | D        | Reached skill level 12 in Stealth
   525 | D        | Reached XP level 3. HP: 17/17 MP: 4/4
   525 | D        | Reached XP level 4. HP: 21/21 MP: 5/5
   852 | D        | Noticed Sigmund
   855 | D        | Killed Sigmund
   855 | D        | Reached ** piety under Trog
   856 | D        | Reached skill level 17 in Stealth
   856 | D        | Reached XP level 5. HP: 24/24 MP: 6/6
   856 | D        | Gained mutation: You are covered in thick fur. (AC +2)
                  | [Felid growth]
   856 | D        | Reached XP level 6. HP: 28/28 MP: 7/7
   867 | D        | Found a shimmering blue altar of Sif Muna.
   868 | D        | Found an ornate altar of the Wu Jian Council.
   869 | D        | Found a radiant altar of Vehumet.
   893 | D        | Found Vidush's Book Emporium.
   893 | D        | Found an ancient bone altar of Kikubaaqudgha.
   893 | D        | Found a hazy altar of Hepliaklqana.
   893 | D        | Found a stormy altar of Qazlal.
   893 | D        | Found a hide-covered altar of Uskayaw.
   893 | D        | Found a blossoming altar of Fedhas.
   893 | D        | Found a bloodstained altar of Trog.
   893 | D        | Found an iron altar of Okawaru.
   893 | D        | Found a basalt altar of Yredelemnul.
   893 | D        | Found a glowing golden altar of the Shining One.
   893 | D        | Found a snail-covered altar of Cheibriados.
   893 | D        | Found a sacrificial altar of Ru.
   893 | D        | Found a glowing silver altar of Zin.
   893 | D        | Found a shadowy altar of Dithmenos.
   893 | D        | Found a white marble altar of Elyvilon.
   893 | D        | Noticed a yak
   894 | D        | Found an opulent altar of Gozag.
   895 | D        | Killed a yak
   896 | D        | Reached skill level 19 in Stealth
   896 | D        | Found a sparkling altar of Nemelex Xobeh.
   917 | D        | Found a viscous altar of Jiyva.
   917 | D        | Found a corrupted altar of Lugonu.
   917 | D        | Noticed a slime creature
   918 | D        | Found a burning altar of Makhleb.
   918 | D        | Found a shimmering altar of Xom.
   920 | D        | Killed a slime creature
   921 | D        | Reached skill level 5 in Dodging
   921 | D        | Reached XP level 7. HP: 32/32 MP: 8/8
   941 | D        | Noticed a centaur warrior
   944 | D        | Noticed a centaur warrior
   945 | D        | Killed a centaur warrior
   945 | D        | Reached *** piety under Trog
   946 | D        | Reached skill level 20 in Stealth
   946 | D        | Reached XP level 8. HP: 38/38 MP: 9/9
   946 | D        | Killed a centaur warrior
   947 | D        | Reached skill level 21 in Stealth
   958 | D        | Noticed a hornet
   961 | D        | Killed a hornet
   962 | D        | Reached skill level 10 in Dodging
   962 | D        | Reached XP level 9. HP: 43/43 MP: 10/10
   973 | D        | Noticed an oklob plant
   975 | D        | Killed an oklob plant
   975 | D        | Reached **** piety under Trog
   976 | D        | Reached skill level 22 in Stealth
  1959 | D        | Noticed an unseen horror
  1959 | D        | Noticed an unseen horror
  1965 | D        | Killed an unseen horror
  1967 | D        | Killed an unseen horror
  1981 | D        | Reached ***** piety under Trog
  1985 | D        | Reached skill level 10 in Unarmed Combat
  1987 | D        | Reached skill level 23 in Stealth
  2203 | D        | Reached XP level 10. HP: 49/49 MP: 11/11
  2204 | D        | Reached ****** piety under Trog
  2224 | D        | Identified the +3 giant club of Jymoaxeo {flame, Dex+2}
  2232 | D        | Found Zuozipos's Book Shoppe.
  2232 | D        | Found Jebetybi's Antique Weapon Shop.
  2232 | D        | Found Icvugac's Weapon Boutique.
  2234 | D        | Found Qoosadan's Assorted Antiques.
  2234 | D        | Found Ranoem's Assorted Antiques.
  2234 | D        | Found Emecoreq's Jewellery Shoppe.
  2234 | D        | Found Gapt's Armour Boutique.
  2234 | D        | Found Ifujumo's General Store.
  2234 | D        | Found Ahump's Book Shop.
  2234 | D        | Found Efodaheb's Antique Armour Shoppe.
  2238 | D        | Found Angieq's Magic Scroll Boutique.
  2239 | D        | Found Mocza's Antique Weapon Emporium.
  2239 | D        | Found Habafot's General Store.
  2240 | D        | Found Isuhimo's Antique Weapon Emporium.
  2241 | D        | Bought an amulet of guardian spirit for 300 gold pieces
  2241 | D        | Bought a ring of protection from fire for 250 gold pieces
  2331 | D        | Noticed a deep troll
  2333 | D        | Killed a deep troll
  2345 | D        | Found Ecsinodi's Armour Emporium.
  2359 | D        | Noticed Sonja
  2362 | D        | Killed Sonja
  2363 | D        | Reached skill level 24 in Stealth
  2378 | D        | Found Vuum's Weapon Boutique.
  2494 | D        | Reached skill level 10 in Fighting
  2511 | D        | Noticed a lindwurm
  2514 | D        | Killed a lindwurm
  2530 | D        | Reached skill level 5 in Spellcasting
  2539 | D        | Reached XP level 11. HP: 55/55 MP: 19/19
  2750 | D        | Reached skill level 25 in Stealth
  2889 | D        | Noticed a 12-headed hydra
  2891 | D        | Killed a 12-headed hydra
  2894 | D        | Reached skill level 15 in Dodging
  2953 | D        | Noticed a shadow dragon
  2953 | D        | Noticed a golden dragon
  3031 | D        | Killed a shadow dragon
  3309 | D        | Killed a golden dragon
  3375 | D        | Found Wafikh's General Store.
  3464 | D        | Noticed a shining eye
  3464 | D        | Noticed a shining eye
  3464 | D        | Noticed a shining eye
  3465 | D        | Noticed a shining eye
  3465 | D        | Noticed a shining eye
  3465 | D        | Noticed a shining eye
  3466 | D        | Noticed a shining eye
  3466 | D        | Noticed a shining eye
  3468 | D        | Killed a shining eye
  3470 | D        | Paralysed by a floating eye for 3 turns
  3474 | D        | Gained mutation: You are partially covered in iridescent
                  | scales. (AC +2) [a shining eye]
  3479 | D        | Paralysed by a floating eye for 3 turns
  3489 | D        | Killed a shining eye
  3492 | D        | Killed a shining eye
  3505 | D        | Paralysed by a floating eye for 3 turns
  3507 | D        | Killed a shining eye
  3508 | D        | Reached skill level 26 in Stealth
  3511 | D        | Killed a shining eye
  3512 | D        | Gained mutation: Your body sometimes deteriorates upon
                  | taking damage. [a shining eye]
  3513 | D        | Killed a shining eye
  3523 | D        | Gained mutation: You are weak. (Str -2) [a shining eye]
  3525 | D        | Killed a shining eye
  3525 | D        | Gained mutation: You have hidden genetic defects. [a
                  | shining eye]
  3526 | D        | Gained mutation: Your thick and shaggy fur keeps you warm.
                  | (AC +3, rC+) [Felid growth]
  3526 | D        | Reached XP level 12. HP: 61/61 MP: 25/25
  3532 | D        | Found Kuzate's Antique Weapon Shop.
  3532 | D        | Found Ruytz's Magic Scroll Shoppe.
  3532 | D        | Found Ciushroargh's General Store.
  3532 | D        | Found Voraor's Antique Armour Emporium.
  3634 | D        | Bought a potion of flight for 33 gold pieces
  3634 | D        | Bought a potion of mutation for 88 gold pieces
  3636 | D        | Bought a scroll of acquirement for 572 gold pieces
  3666 | D        | Bought a small silver ring for 150 gold pieces
  3673 | D        | Bought a scroll of identify for 22 gold pieces
  3684 | D        | Bought a potion of heal wounds for 55 gold pieces
  3684 | D        | Bought a potion of resistance for 110 gold pieces
  3691 | D        | Bought a +4 ring of slaying for 780 gold pieces
  3729 | D        | Acquired the ring of the Jester {rF++ Will+ Str+6 Dex+4
                  | Stlth-}
  3770 | D        | Noticed a daeva
  4277 | D        | Gained mutation: Potions are less effective at restoring
                  | your health. [hidden defects]
  4280 | D        | Noticed a fire giant
  4284 | D        | Noticed a fire giant
  4285 | D        | Noticed a fire giant
  4286 | D        | Noticed a fire giant
  4288 | D        | Killed a fire giant
  4308 | D        | Killed a fire giant
  4311 | D        | Killed a fire giant
  4323 | D        | Killed a fire giant
  4324 | D        | Reached skill level 27 in Stealth
  4336 | D        | Gained mutation: You are dopey. (Int -2) [hidden defects]
  4336 | D        | Lost mutation: You have hidden genetic defects. [hidden
                  | defects expressed]
  4906 | D        | Noticed a deep elf annihilator
  4921 | D        | Reached skill level 15 in Unarmed Combat
  4921 | D        | Reached skill level 10 in Spellcasting
  4944 | D        | Killed a deep elf annihilator
  4947 | D        | Noticed a mummy priest
  5253 | D        | Lost mutation: You are weak. (Str -2) [potion of mutation]
  5253 | D        | Lost mutation: Your body sometimes deteriorates upon taking
                  | damage. [potion of mutation]
  5253 | D        | Gained mutation: You are weak. (Str -2) [potion of
                  | mutation]
  5274 | D        | Killed a mummy priest
  5391 | D        | Noticed the 27-headed Lernaean hydra
  5393 | D        | HP: 1/64 [the 27-headed Lernaean hydra (11)]
  5396 | D        | Mangled by the 27-headed Lernaean hydra
  5397 | D        | Reached XP level 11. HP: -9/60 MP: 0/26
  5433 | D        | Slain by the 27-headed Lernaean hydra
  5434 | D        | Reached XP level 10. HP: -1/57 MP: 0/25
  5434 | D        | Noticed Lom Lobon
  5444 | D        | Slain by the 27-headed Lernaean hydra

Illustrated notes

Levels and vault maps discovered:
D:        dungeon_sprint_1 [red_sonja_temple_1, red_sonja_temple_small_1]

Skill      XL: |  1  2  3  4  5  6  7  8  9 10 11 12 |
---------------+-------------------------------------+-----
Stealth        | 8 12 17 19 20 21 23 24 26 27 | 27.0
Fighting       | 4 6 7 8 10 12 14 | 14.4
Dodging        | 5 8 10 12 14 16 18 | 18.6
Unarmed Combat | 4 6 8 10 12 14 15 | 15.5
Spellcasting   | 5 8 10 | 10.6

Action                   |  1- 3 |  4- 6 |  7- 9 | 10-12 || total
-------------------------+-------+-------+-------+-------++-------
Melee: Unarmed           |    10 |     4 |    35 |   137 ||   186
       Bite              |     2 |       |     5 |    17 ||    24
       Punch             |       |       |       |    14 ||    14
Invok: Berserk           |     2 |       |     4 |       ||     6
       Brothers in Arms  |       |       |       |    10 ||    10
       Trog's Hand       |       |       |       |     1 ||     1
Evoke: Wand              |       |       |       |     1 ||     1
  Use: Scroll            |       |       |     1 |     1 ||     2
       Potion            |       |       |     1 |     4 ||     5
 Stab: Sleeping          |     2 |     4 |    10 |    21 ||    37
Armor: Skin              |       |       |       |    12 ||    12
Dodge: Dodged            |     4 |       |    23 |   184 ||   211
